 Dungeon Crawl Stone Soup version 0.30.1-6-gbe392663c4 (webtiles) character file.

Game seed: 17291991523591905715

54 lonewolfV2 the Trooper (level 3, -10/29 HPs)
             Began as a Demonspawn Berserker on Sept 20, 2023.
             Was a Follower of Trog.
             Killed by divine providence
             ... invoked by an orc priest
              (13 damage)
             ... on level 3 of the Dungeon.
             The game lasted 00:02:46 (1676 turns).

lonewolfV2 the Trooper (Demonspawn Berserker)       Turns: 1676, Time: 00:02:46

Health: -10/29     AC:  5    Str: 17    XL:     3   Next: 66%
Magic:  3/3        EV: 12    Int:  8    God:    Trog [*.....]
Gold:   92         SH:  0    Dex: 14    Spells: 2/2 levels left

rFire   . . .        a - +0 hand axe (spect)
rCold   . . .        (no shield)
rNeg    . . .        b - +1 animal skin
rPois   .            (no helmet)
rElec   .            (no cloak)
rCorr   .            (no gloves)
SInv    .            (no boots)
Will    .....        (no amulet)
Stlth   ++           e - ring of flight
HPRegen 0.24/turn    (no ring)
MPRegen 0.08/turn

%: no passive effects
@: on berserk cooldown, flying, slowed, very slow
A: yellow scales 1
a: Renounce Religion, Berserk


You were on level 3 of the Dungeon.
You worshipped Trog.
Trog was aware of your devotion.
You visited 1 branch of the dungeon, and saw 3 of its levels.

You collected 92 gold pieces.

Inventory:

Hand Weapons
 a - a +0 spectral hand axe (weapon)
Armour
 b - a +1 animal skin (worn)
Jewellery
 e - a ring of flight (left hand)
 j - a ring of magical power
Scrolls
 c - a scroll of vulnerability
 i - 2 scrolls of teleportation
Potions
 g - a potion of curing
 m - a potion of degeneration
 n - a potion of mutation


   Skills:
 + Level 3.5 Fighting
 + Level 3.4 Axes
 + Level 1.9 Armour
 + Level 2.1 Dodging
 + Level 0.7 Stealth


You had 2 spell levels left.
You didn't know any spells.
Your spell library was empty.

Dungeon Overview and Level Annotations

Branches:
Dungeon (3/15)

Altars:


Innate Abilities, Weirdness & Mutations

You are partially covered in yellow scales. (AC +2)


Message History

You swap places.
An orc priest and an orc come into view.
Your +0 spectral hand axe disappears.
Things that are here:
a +0 whip; a +0 ring mail You hit the orc.
The orc is heavily wounded.
Your +0 spectral hand axe barely misses the orc.
The orc hits you with a +0 hand axe.
The orc barely misses your +0 spectral hand axe.
You hit the orc but do no damage.
The orc is heavily wounded.
You hit the orc but do no damage.
Your +0 spectral hand axe barely misses the orc.
The orc barely misses you. The orc hits you with a +0 hand axe.
The orc closely misses your +0 spectral hand axe.
You hit the orc.
The orc is severely wounded.
You hit the orc.
Your +0 spectral hand axe hits the orc but does no damage.
The orc misses you. The orc hits you with a +0 hand axe.
The orc hits your +0 spectral hand axe with a +0 hand axe.
Your spectral weapon shares its damage with you!
A red film seems to cover your vision as you go berserk!
You feel yourself moving faster!
You feel mighty!
Your +0 spectral hand axe disappears.
The orc completely misses you.
The orc priest calls down the wrath of Beogh upon you.
Beogh smites you!
* * * LOW HITPOINT WARNING * * *
The orc hits you but does no damage.
You feel a strong urge to attack something.
You feel your anger nearly subside.
There is a stone staircase leading up here.
You are no longer berserk.
You are exhausted.
You feel yourself slow down.
The orc priest invokes the aid of Beogh against you.
Beogh smites you!
You die...

.## .. . ####
.# ..
.....####># .#
#...o..#..#
#))...#
#o..###
###o#.#
#..@#.#
#<...#......#
#..####......#
#. #........
#........
#......##
#..$...#
#......#


You could see an orc priest and 2 orcs.

Vanquished Creatures
  An adder (D:2)
  4 dart slugs
  2 orcs (D:3)
  3 endoplasms (D:1)
  2 giant cockroaches (D:1)
  2 goblins
  A hobgoblin (D:2)
  2 quokkas (D:1)
  2 ball pythons
  6 bats
  3 frilled lizards
  3 kobolds
  6 rats
37 creatures vanquished.

Notes
Turn   | Place    | Note
-------+----------+-------------------------------------------
     0 | D:1      | lonewolfV2 the Demonspawn Berserker began the quest for the
                  | Orb.
     0 | D:1      | Reached XP level 1. HP: 18/18 MP: 1/1
   103 | D:1      | Gained mutation: You are partially covered in yellow
                  | scales. (AC +2) [demonic ancestry]
   103 | D:1      | Reached XP level 2. HP: 6/24 MP: 2/2
   648 | D:1      | Found a faded altar of an unknown god.
   902 | D:1      | Reached XP level 3. HP: 26/29 MP: 3/3
  1676 | D:3      | Killed from afar by an orc priest

Illustrated notes

Levels and vault maps discovered:
D:1:      minmay_arrival_three_doors, layout_loops_cross,
          shapermc_ecumenical_altar_totnotflames
D:2:      layout_loops_ring
D:3:      layout_rooms, dk_yredelemnul_ordeal,
          mainiacjoe_overflow_small_starburst, amcnicky_mini_corridor_feature,
          st_stairs_13, minmay_snake_closets

Skill      XL: |  1  2 |
---------------+-------+-----
Axes           | 3 |  3.4
Dodging        | 2 |  2.1
Fighting       | |  3.5
Armour         | |  1.9
Stealth        | |  0.7

Action                     || total
---------------------------++-------
  Melee: Hand axe          ||   124
         Punch             ||     1
 Invoke: Berserk           ||     1
    Use: Scroll            ||     9
   Stab: Sleeping          ||     1
 Armour: Animal skin       ||    48
  Dodge: Dodged            ||    86
